Map: Acropolis LE

Players

Erik - Winner!

  • Race: Zerg Zerg
  • League: Master
  • Spawn Location: 5:00

cyan

  • Race: Protoss Protoss
  • League: Master
  • Spawn Location: 11:00

Event: NationWars 2019

VOD

Have the link to the VOD?

Description

Time

  • Played on: Nov. 13, 2019, 12:50 p.m.
  • Length: 4:10
Show
View Real Time Build Order
Export as new Build Order

Erik Zerg - Winner!

Build Orders: Pool First 

Get SALT Encoding   

  12  0:01  Drone  
  13  0:08  Drone  
  14  0:14  Extractor  
  14  0:15  Drone  
  15  0:21  Overlord  
  15  0:36  Spawning Pool  
  15  0:40  Drone  
  15  0:44  Drone  
  15  0:47  Drone  
  17  0:50  Extractor  
  17  0:55  Drone  
  17  1:15  Hatchery  
  16  1:23  Zergling x4  
  18  1:27  Zergling x2  
  19  1:37  Roach Warren  
  18  1:41  Zergling x2  
  19  1:49  Metabolic Boost  
  19  2:02  Overlord  
  19  2:17  Roach  
  21  2:25  Roach x2  
  24  2:32  Roach  
  26  2:37  Roach  
  27  2:51  Zergling x6  
  29  2:58  Zergling x2  
  29  3:02  Zergling x2  
  30  3:06  Ravager  
  30  3:07  Queen  
  30  3:09  Zergling x2  
  34  3:16  Zergling x2  
  34  3:17  Zergling x2  
  35  3:42  Overlord  
  35  3:43  Overlord  
Show
View Real Time Build Order
Export as new Build Order

cyan Protoss 

Build Orders: 1 Gate Expand 

Get SALT Encoding   

  12  0:01  Probe  
  13  0:13  Probe  
  14  0:19  Pylon  
  14  0:25  Probe (Chrono Boost)  
  15  0:29  Assimilator  
  15  0:37  Probe (Chrono Boost)  
  16  0:46  Probe (Chrono Boost)  
  16  0:49  Gateway  
  17  0:51  Probe  
  18  1:03  Probe  
  19  1:15  Probe  
  20  1:24  Nexus  
  20  1:36  Cybernetics Core  
  20  1:38  Probe  
  21  1:46  Assimilator  
  21  1:52  Pylon  
  22  2:00  Zealot (Chrono Boost)  
  23  2:13  Gateway  
  23  2:17  Adept (Chrono Boost)  
  25  2:28  Probe  
  26  2:37  Probe  
  26  2:40  Probe  
  28  2:45  Adept (Chrono Boost)  
  28  2:49  Probe  
  31  2:52  Probe  
  32  3:01  Probe  
  32  3:04  Probe  
  34  3:08  Sentry  
  34  3:11  Stargate  
  36  3:13  Probe (Chrono Boost)  
  37  3:21  Probe (Chrono Boost)  
  37  3:23  Pylon  
  37  3:25  Probe (Chrono Boost)  
  38  3:30  Probe (Chrono Boost)  
  39  3:39  Shield Battery  
Tags
 
Add a new tag
Caveats
  • Supply blocks, unpowered buildings, or Contaminate may cause inaccurate times.
  • Supply counts are checked every 10 seconds.